[Event "*** SCC Grand Prix: Titled Tuesday Blitz"]
[Site "Chess.com"]
[Date "2020.06.09"]
[Round "5"]
[White "Kolle05"]
[Black "CzechmVIII"]
[Result "0-1"]
[WhiteElo "2359"]
[BlackElo "2179"]
[TimeControl "180+1"]
[EndTime "9:56:36 PDT"]
[Termination "CzechmVIII won on time"]

1. e4 c5 2. Nf3 d6 3. Bb5+ Nd7 4. O-O a6 5. Bd3 Ngf6 6. Re1 e6 7. c3 b5 8. Bc2 c4 9. d4 cxd3 10. Qxd3 Bb7 11. a4 Nc5 12. Qe2 bxa4 13. Be3 Ncxe4 14. Bxa4+ Nd7 15. Nbd2 Nxd2 16. Nxd2 Be7 17. Nc4 O-O 18.
Qg4 Ne5 19. Nxe5 dxe5 20. Red1 Qc8 21. Rd7 Bf6 22. Rad1 Bc6 23. Bxc6 Qxc6 24. Bg5 Bxg5 25. Qxg5 Rab8 26. Qxe5 Rxb2 27. Rd8 Re8 28. Qc5 Qa4 29. Qe7 Rb8 30. Rxe8+ Qxe8 31. Qa7 Ra8 32. Qb6 h6 33. c4 Qc8 34. c5 Rb8 35. Qd6 Rb2 0-1

[Event "*** SCC Grand Prix: Titled Tuesday Blitz"]
[Site "Chess.com"]
[Date "2020.06.09"]
[Round "5"]
[White "MoonlighT89"]
[Black "2007checkmate"]
[Result "1-0"]
[WhiteElo "2571"]
[BlackElo "2405"]
[TimeControl "180+1"]
[EndTime "9:56:37 PDT"]
[Termination "MoonlighT89 won by resignation"]

1. e4 e5 2. Nc3 Nc6 3. Bc4 Bc5 4. Nf3 Nf6 5. d3 d6 6. h3 h6 7. Be3 a6 8. Qd2 Be6 9. Bxe6 fxe6 10. Bxc5 dxc5 11.
a4 Qd6 12. Nd1 c4 13. Ne3 cxd3 14. Qxd3 Qxd3 15. cxd3 O-O-O 16. Ke2 Nh5 17. g3 Rhf8 18. Nc4 Nd4+ 19. Nxd4 exd4 20. Rac1 Kb8 21. b4 Nf6 22. b5 axb5 23. axb5 Nd7 24. Ra1 b6 25. f4 Kb7 26.
Nd2 e5 27. f5 Ra8 28. g4 Ra5 29. Rxa5 bxa5 30. Ra1 Ra8 31. Nc4 a4 32. Ra3 c6 33.
bxc6+ Kxc6 34. h4 Kb5 35. Ra1 Kb4 36. Kd2 Nc5 37. Kc2 Nd7 38. Rb1+ Kc5 39. Rb7 Kc6 40. Rxd7 a3 41. Rd6+ Kc5 42. Kb1 Rb8+ 43. Ka2 Rb4 44. Rd5+ Kc6 45. Rxe5 1-0

[Event "*** SCC Grand Prix: Titled Tuesday Blitz"]
[Site "Chess.com"]
[Date "2020.06.09"]
[Round "5"]
[White "ChronicUnhappiness"]
[Black "Harsha_Bharathakoti"]
[Result "0-1"]
[WhiteElo "2314"]
[BlackElo "2743"]
[TimeControl "180+1"]
[EndTime "9:56:37 PDT"]
[Termination "Harsha_Bharathakoti won on time"]

1. c4 e6 2. Nf3 d5 3. e3 Nf6 4. Nc3 b6 5. b3 Bb7 6. Bb2 Nbd7 7. d4 a6 8. Bd3 Bd6 9. O-O O-O 10. Qe2 Ne4 11. Rac1 Qe7 12. Rfd1 f5 13. Nd2 Rf6 14.
Nf1 Rh6 15. f3 Qh4 16. f4 Ndf6 17. Bxe4 fxe4 18. c5 Be7 19. cxb6 cxb6 20. Na4 Bd8 21.
Ba3 Ne8 22. g3 Qh3 23. Rc2 Rf6 24. Rdc1 Rf7 25. Qg2 Qxg2+ 26. Kxg2 a5 27. Kf2 Ba6 28. Nd2 Bb5 29. Rc8 Rfa7 30. Rxa8 Rxa8 31. Ke1 Kf7 32. Nb1 Bd7 33. Nac3 g5 34. Ne2 gxf4 35. Nxf4 Ng7 36. Kf2 Nf5 37. Nc3 Rc8 38. Na4 Rxc1 39. Bxc1 Bc7 40.
Bd2 Bc6 41. Bc3 Ne7 42. Ke2 Bb5+ 43. Kf2 Nf5 44. Bd2 Bxa4 0-1

[Event "*** SCC Grand Prix: Titled Tuesday Blitz"]
[Site "Chess.com"]
[Date "2020.06.09"]
[Round "5"]
[White "GaboSalazar2001"]
[Black "Aygehovit1992"]
[Result "0-1"]
[WhiteElo "2275"]
[BlackElo "2694"]
[TimeControl "180+1"]
[EndTime "9:56:38 PDT"]
[Termination "Aygehovit1992 won by resignation"]

1. e4 d6 2. d4 g6 3. Nc3 Bg7 4. h4 h5 5. Bg5 c6 6. Nf3 Bg4 7. Be2 Nd7 8. Qd3 b5 9. a3 a5 10. O-O Qb6 11. d5 Bxf3 12. Qxf3 Ne5 13. Qe3 Qxe3 14.
Bxe3 Nc4 15. dxc6 Rc8 16. Nxb5 Rxc6 17. Bd4 Bxd4 18. Nxd4 Rc8 19. b4 Nf6 20. Bd3 Kd7 21. b5 Nb6 22. a4 Rc3 23. Nb3 Ra8 24. Rfd1 Ng4 25. f4 f6 26. Nd4 Ne3 27. Rd2 Nec4 28. Rf2 Nb2 29. Ne2 Nxd3 30. Nxc3 Nxf2 31. Kxf2 Rc8 32.
Ra3 Nc4 33. Rb3 Nd2 34. Ra3 Rxc3 35. Rxc3 Nxe4+ 36. Ke3 Nxc3 37. Kd4 Nxa4 38. Kc4 Nb6+ 39. Kd4 e5+ 0-1

[Event "*** SCC Grand Prix: Titled Tuesday Blitz"]
[Site "Chess.com"]
[Date "2020.06.09"]
[Round "5"]
[White "chessplayer9919"]
[Black "theblitzchamp"]
[Result "0-1"]
[WhiteElo "2519"]
[BlackElo "2696"]
[TimeControl "180+1"]
[EndTime "9:56:38 PDT"]
[Termination "theblitzchamp won on time"]

1. d4 Nf6 2. c4 g6 3. Nc3 Bg7 4.
e3 O-O 5. Nf3 d5 6. cxd5 Nxd5 7.
Bc4 Nxc3 8. bxc3 b6 9. O-O Bb7 10. a4 Nd7 11. a5 Rc8 12. Ba3 c5 13. Bb5 Qc7 14. axb6 axb6 15. Qe2 Nf6 16. Bb2 Rfd8 17. Ra7 Ra8 18. Rfa1 Rxa7 19. Rxa7 Qb8 20. Ra1 h5 21. Bc4 e6 22. h3 Ne4 23. Ba6 Bc6 24. Bb5 Qb7 25.
Bxc6 Qxc6 26. Ne1 Nd6 27. Nc2 Nf5 28. Na3 Nh4 29. f3 Nf5 30. e4 Ne7 31. Rd1 Qa4 32. Qc2 Qa5 33. e5 Nd5 34. Nc4 Qa6 0-1

[Event "*** SCC Grand Prix: Titled Tuesday Blitz"]
[Site "Chess.com"]
[Date "2020.06.09"]
[Round "5"]
[White "alexsergeyev"]
[Black "nihalsarin"]
[Result "0-1"]
[WhiteElo "2364"]
[BlackElo "2985"]
[TimeControl "180+1"]
[EndTime "9:56:38 PDT"]
[Termination "nihalsarin won on time"]

1. d4 Nf6 2. c4 g6 3. Nc3 Bg7 4. Nf3 O-O 5. e4 d6 6. Be2 e5 7. O-O Nc6 8. d5 Ne7 9. b4 a5 10. Ba3 Re8 11. bxa5 Rxa5 12. Bb4 Ra8 13. c5 dxc5 14.
Bxc5 c6 15. d6 Qa5 16. Rc1 Qxc5 17. Nb5 Qb4 18. Nc7 Rd8 19. Nxa8 Rxd6 20. Qb3 Qxb3 21.
axb3 Nxe4 22. Rfd1 Nd5 23. Bc4 Be6 24. h4 h6 25. Re1 f5 26. Rcd1 Nec3 27. Rd2 e4 28.
Nd4 Bf7 29. f3 Nf4 0-1

[Event "*** SCC Grand Prix: Titled Tuesday Blitz"]
[Site "Chess.com"]
[Date "2020.06.09"]
[Round "5"]
[White "MichailovM"]
[Black "CrazyMartian"]
[Result "0-1"]
[WhiteElo "2442"]
[BlackElo "2296"]
[TimeControl "180+1"]
[EndTime "9:56:38 PDT"]
[Termination "CrazyMartian won by resignation"]

1. e4 c5 2. Nf3 d6 3. d4 cxd4 4.
Nxd4 Nf6 5. Nc3 a6 6. Bg5 e6 7.
f4 Be7 8. Qf3 Qc7 9. O-O-O Nbd7 10. g4 h6 11. Bxf6 Bxf6 12. h4 Nb6 13. g5 Bxd4 14.
Rxd4 Bd7 15. Be2 Bc6 16. Rhd1 hxg5 17. hxg5 O-O-O 18. a4 Kb8 19. Qf2 Nc8 20. Kb1 Qb6 21. Qg3 Ka8 22. f5 e5 23. R4d2 Qa5 24. Bc4 Nb6 25.
Bb3 Bxa4 26. Bxa4 Nxa4 27. Nd5 Rc8 28. Qa3 Ka7 29. Qxd6 Rh1 30. Ne7 Rxd1+ 31. Rxd1 Rc5 32. c3 Qb5 33. Rd2 Nxc3+ 34. Ka1 0-1

[Event "*** SCC Grand Prix: Titled Tuesday Blitz"]
[Site "Chess.com"]
[Date "2020.06.09"]
[Round "5"]
[White "vladislavkovalev"]
[Black "chargemax23"]
[Result "1-0"]
[WhiteElo "2938"]
[BlackElo "2700"]
[TimeControl "180+1"]
[EndTime "9:56:40 PDT"]
[Termination "vladislavkovalev won by resignation"]

1. e4 g6 2. d4 Bg7 3. Nc3 d6 4. Be3 a6 5. Qd2 b5 6. O-O-O Nd7 7. Kb1 Bb7 8. f3 e5 9. h4 h5 10. Nh3 Ngf6 11. Ng5 b4 12. Na4 a5 13. Bc4 O-O 14. d5 Ba6 15. Qd3 Qc8 16. Bxa6 Qxa6 17. Qxa6 Rxa6 18.
Rd3 Rc8 19. c3 c6 20. dxc6 Raxc6 21. Rhd1 Bf8 22. Bd2 d5 23. exd5 Rc4 24. g3 e4 25.
fxe4 Nxe4 26. Nxe4 Rxe4 27. Bf4 Bg7 28. d6 Bf6 29. cxb4 axb4 30. Re3 Rec4 31. b3 Rc2 32.
Rde1 Kg7 33. R3e2 Rxe2 34. Rxe2 Rc6 35. Rc2 Rxc2 36. Kxc2 Be5 37. Kd3 Bxf4 38. gxf4 Kf6 39. Kc4 Ke6 40. Kxb4 Kxd6 41. Kb5 Nf6 42. Nc3 Ne8 43.
a4 Nc7+ 44. Kb6 Ne6 45. a5 1-0

[Event "*** SCC Grand Prix: Titled Tuesday Blitz"]
[Site "Chess.com"]
[Date "2020.06.09"]
[Round "5"]
[White "Arjun2002"]
[Black "mjray79"]
[Result "1-0"]
[WhiteElo "2645"]
[BlackElo "2309"]
[TimeControl "180+1"]
[EndTime "9:56:40 PDT"]
[Termination "Arjun2002 won on time"]

1. e4 e5 2. Nf3 Nc6 3. Bc4 Bc5 4. c3 Nf6 5. d3 O-O 6. O-O d5 7. exd5 Nxd5 8. Re1 Bg4 9. Nbd2 Nb6 10. h3 Bh5 11.
Bb3 Bd6 12. Ne4 Bg6 13. Be3 Kh8 14. Nxd6 cxd6 15. d4 Bh5 16. g4 Bg6 17. dxe5 dxe5 18. Qxd8 Raxd8 19. Bxb6 axb6 20. Nxe5 Nxe5 21. Rxe5 Rd2 22.
Rb5 Rxb2 23. Rxb6 Be4 24. Re1 Bc6 25. Rb4 h5 26. g5 g6 27. Rf4 Kg7 28. Re7 Rb1+ 29.
Kh2 Rh1+ 30. Kg3 Rg1+ 31. Kh4 Be8 32. Rxb7 Kh8 33. Bxf7 Bc6 34. Rbb4 Kg7 35. Bxg6 Rd8 36. Bxh5 Rg8 37. Rb6 Bd5 38. Rg6+ Kh7 39. Rh6+ Kg7 40.
c4 Rh8 41. Rxh8 Kxh8 42. cxd5 Kg7 43. d6 Rd1 44. Rf6 Rd3 45. Bg4 1-0

[Event "*** SCC Grand Prix: Titled Tuesday Blitz"]
[Site "Chess.com"]
[Date "2020.06.09"]
[Round "5"]
[White "ehrenfeld"]
[Black "ZAbdumalik"]
[Result "0-1"]
[WhiteElo "2509"]
[BlackElo "2735"]
[TimeControl "180+1"]
[EndTime "9:56:41 PDT"]
[Termination "ZAbdumalik won on time"]

1. e4 c5 2. d3 e6 3. f4 Nc6 4.
Nf3 g6 5. Be2 Bg7 6. O-O Nge7 7.
c3 d6 8. Be3 O-O 9. d4 b6 10.
Na3 Bb7 11. dxc5 dxc5 12. Qc2 a6 13. Nc4 Qc7 14. a4 Rfd8 15. Qb3 Nc8 16. f5 exf5 17. exf5 Re8 18. fxg6 hxg6 19. Ng5 Re7 20. Bf4 Qd8 21.
Rad1 Qe8 22. Bf3 Na5 23. Nxa5 Bxf3 24. Rxf3 bxa5 25. Qd5 Nb6 26. Qxc5 Nxa4 27. Qf2 f6 28. Nh3 Re2 29. Qg3 Nxb2 30. Rdf1 Rd8 31. Bc1 Rd1 32.
Bxb2 Rxf1+ 33. Rxf1 Rxb2 34. Nf4 g5 35. Re1 Qb8 36. Ne6 Qxg3 37. hxg3 a4 38. Rd1 a3 0-1

[Event "*** SCC Grand Prix: Titled Tuesday Blitz"]
[Site "Chess.com"]
[Date "2020.06.09"]
[Round "5"]
[White "Kimster98"]
[Black "KaterinaMiroshnik"]
[Result "0-1"]
[WhiteElo "2562"]
[BlackElo "2426"]
[TimeControl "180+1"]
[EndTime "9:56:41 PDT"]
[Termination "KaterinaMiroshnik won by resignation"]

1. Nf3 e6 2. c4 d5 3. g3 Nf6 4. Bg2 dxc4 5. Qa4+ Nbd7 6. Qxc4 a6 7. Qb3 Be7 8. O-O c5 9. a4 O-O 10. Nc3 Qc7 11. d3 b6 12. Bf4 Qa7 13. Ne5 Bb7 14. Nc6 Bxc6 15. Bxc6 Rad8 16. Rfd1 e5 17. Bg5 h6 18.
Bd2 Nb8 19. Bg2 Nbd7 20. Qc4 Rfe8 21. Nd5 Nf8 22. Nxe7+ Rxe7 23. Bc3 a5 24. h3 Qc7 25. f4 N8d7 26. f5 Nb8 27. e3 Nc6 28. Be4 Nxe4 29. dxe4 Red7 30. Rd5 Rxd5 31. exd5 Ne7 32.
e4 Nc8 33. Re1 f6 34. b3 Nd6 35. Qe2 Rc8 36. Rc1 Kf7 37. Bb2 Kg8 38. Qd3 Qf7 39. g4 Kh7 40. Kf2 g6 41. Kf3 gxf5 42. gxf5 Qh5+ 43.
Kf2 Rg8 44. Rg1 Qh4+ 45. Kf1 Qf4+ 46. Ke2 Rxg1 47. Qf3 Qh2+ 0-1

[Event "*** SCC Grand Prix: Titled Tuesday Blitz"]
[Site "Chess.com"]
[Date "2020.06.09"]
[Round "5"]
[White "Charlottemillard17"]
[Black "AcsinteMatei"]
[Result "0-1"]
[WhiteElo "1503"]
[BlackElo "2318"]
[TimeControl "180+1"]
[EndTime "9:56:41 PDT"]
[Termination "AcsinteMatei won on time"]

1. e4 c6 2. d4 d5 3. e5 g6 4. f4 h5 5. Nf3 Bg4 6. Be2 e6 7.
h3 Bxf3 8. Bxf3 c5 9. O-O Nc6 10. c3 Qb6 11. Qa4 cxd4 12. cxd4 Qxd4+ 13. Qxd4 Nxd4 14.
Be3 Nxf3+ 15. Rxf3 Ne7 16. Nc3 Nc6 17. Nb5 Kd7 18.
Rc1 Bb4 19. a3 a6 20. axb4 axb5 21. Rc5 Ra4 22. Rxb5 Rxb4 23. Rxb4 Nxb4 24. Bc5 Na6 25. Bd4 Rc8 26. Rb3 Rc1+ 27. Kh2 Kc6 28. Rc3+ Rxc3 29.
bxc3 Kb5 30. g4 hxg4 31. hxg4 Kc4 32. Kg3 Nc5 33. f5 gxf5 34. gxf5 Ne4+ 35. Kf4 Nxc3 36. Bxc3 Kxc3 37. fxe6 fxe6 38. Kg5 d4 39. Kf6 d3 40. Kxe6 d2 41. Kf7 d1=Q 42. e6 Qf3+ 43. Ke8 Qc6+ 44. Ke7 b5 45. Kf7 Qd5 46. Kf6 Qd6 47. Kf7 Qf4+ 48.
Ke7 b4 49. Kd7 Qd4+ 50. Ke8 b3 51. e7 b2 52. Kf7 Qd7 53. Kf8 Qd6 54. Kf7 Qf4+ 55.
Ke8 b1=Q 56. Kd8 Qbb8+ 57. Kd7 Qbd6+ 58. Ke8 Qc6+ 59. Kd8 Qf7 0-1

[Event "*** SCC Grand Prix: Titled Tuesday Blitz"]
[Site "Chess.com"]
[Date "2020.06.09"]
[Round "5"]
[White "publicaccountcze"]
[Black "Synctel"]
[Result "1-0"]
[WhiteElo "2243"]
[BlackElo "1906"]
[TimeControl "180+1"]
[EndTime "9:56:41 PDT"]
[Termination "publicaccountcze won by resignation"]

1. e4 e6 2. d3 d5 3. Qe2 Be7 4. Nf3 Nf6 5. g3 dxe4 6. dxe4 O-O 7. Bg2 b6 8. O-O Ba6 9. c4 Bb7 10. Nc3 Nc6 11. e5 Nd7 12. Rd1 Qc8 13. Bf4 Rd8 14. h4 a5 15. h5 h6 16. Nh2 Nc5 17.
Ng4 Bf8 18. Bxh6 gxh6 19. Nf6+ Kh8 20. Qc2 Nd3 21. Rxd3 Nb4 22. Rxd8 Nxc2 23. Rxc8 Rxc8 24. Bxb7 Nxa1 25. Bxc8 Nc2 26. Nb5 c6 27. Na7 Nd4 28.
Nd7 Bc5 29. Nxc5 bxc5 30. f4 Kg7 31. Bd7 f6 32. Nxc6 fxe5 33. Nxd4 exd4 34. Kf2 Kf6 35. Ke2 Ke7 36. Bc6 Kd6 37. Be4 e5 38. f5 Ke7 39. Kd3 Kf6 40. g4 Kg5 41. a3 Kxg4 42. f6 Kxh5 43. f7 Kg4 44. f8=Q h5 1-0

[Event "*** SCC Grand Prix: Titled Tuesday Blitz"]
[Site "Chess.com"]
[Date "2020.06.09"]
[Round "5"]
[White "praveenb2002"]
[Black "Andreikka"]
[Result "0-1"]
[WhiteElo "2757"]
[BlackElo "2910"]
[TimeControl "180+1"]
[EndTime "9:56:42 PDT"]
[Termination "Andreikka won by resignation"]

1. e4 d5 2. exd5 Qxd5 3. Nc3 Qa5 4.
d4 Nf6 5. Nf3 c6 6. Bc4 Bf5 7.
Bd2 e6 8. Qe2 Qc7 9. O-O-O Nbd7 10. Ne5 h5 11. Kb1 Bd6 12. Rhe1 Nb6 13. Bb3 O-O-O 14.
h3 h4 15. Bg5 Kb8 16. Qf3 Nbd5 17. Ng4 Nxc3+ 18. Qxc3 Ne4 19. Rxe4 Bxe4 20. Bxd8 Rxd8 21. f3 Bf5 22. Bc4 Qb6 23. a3 Bc5 24. Bb3 Bxd4 25. Qc4 Rd6 26. Ka2 Qd8 27. Nh2 Be5 28. Rxd6 Qxd6 29. Ng4 Bd4 30. Qe2 Qf4 31. Nf2 Qe3 32. Qxe3 Bxe3 33. Ng4 Bf4 34. c3 Bd3 35. Bd1 Bf1 36.
Nf2 Bxg2 37. Be2 Bg3 38. Ne4 Bxh3 39. Ng5 Bf5 40. Nxf7 h3 41. Bf1 Bf4 42. Kb3 Kc7 43.
Kc4 e5 44. Kc5 b6+ 45. Kc4 0-1

[Event "*** SCC Grand Prix: Titled Tuesday Blitz"]
[Site "Chess.com"]
[Date "2020.06.09"]
[Round "5"]
[White "Munkhzul_Turmunkh"]
[Black "Guenplen"]
[Result "0-1"]
[WhiteElo "2599"]
[BlackElo "2900"]
[TimeControl "180+1"]
[EndTime "9:56:42 PDT"]
[Termination "Guenplen won by resignation"]

1. e4 c5 2. Nf3 e6 3. d4 cxd4 4.
Nxd4 Nf6 5. Nc3 Nc6 6. Ndb5 Bc5 7. Nd6+ Ke7 8. Bf4 e5 9. Nf5+ Kf8 10. Bg5 d6 11. Ne3 h6 12. Bxf6 Qxf6 13. Ncd5 Qd8 14. Be2 g6 15. O-O h5 16. c3 a6 17. b4 Ba7 18. a4 Kg7 19. b5 Ne7 20. Bc4 Bc5 21.
bxa6 bxa6 22. Rb1 Nxd5 23. Bxd5 Ra7 24. Qd3 Bd7 25. Qc4 Rf8 26. Kh1 Qg5 27. Rfe1 h4 28. h3 Qf4 29. Rb2 Rc8 30. Qb3 Rac7 31. a5 Ba7 32. c4 Rb8 33. Qa2 Rxb2 34. Qxb2 Bd4 35.
Qb3 Qxf2 36. Rf1 Qxe3 37. Qxe3 Bxe3 38. Rxf7+ Kh6 39. Be6 Rb7 40. Bxd7 Rb1+ 41. Kh2 Bg1+ 42. Kh1 Bf2+ 0-1

[Event "*** SCC Grand Prix: Titled Tuesday Blitz"]
[Site "Chess.com"]
[Date "2020.06.09"]
[Round "5"]
[White "Semetey"]
[Black "VitaliyBernadskiy"]
[Result "0-1"]
[WhiteElo "2527"]
[BlackElo "2702"]
[TimeControl "180+1"]
[EndTime "9:56:42 PDT"]
[Termination "VitaliyBernadskiy won on time"]

1. d4 d5 2. Nc3 Nf6 3. Bf4 a6 4. Nf3 e6 5. a3 c5 6. e3 b5 7. Ne5 Bb7 8. g4 h6 9. Bg2 Nbd7 10. h4 Nxe5 11. Bxe5 Nd7 12. Bg3 Rc8 13. Ne2 Nb6 14. c3 Bd6 15. b3 O-O 16. g5 h5 17. O-O g6 18. Bxd6 Qxd6 19. f4 a5 20. Bf3 a4 21.
b4 cxb4 22. cxb4 Rc4 23. Qd3 Rfc8 24. Rfc1 Bc6 25. Kf2 Rc7 26. Rc3 Nc8 27. Rac1 Ne7 28. Ng3 Rc8 29. Be2 Qc7 30. Qd2 Bb7 31. Bxc4 dxc4 32. e4 Rd8 33. Rd1 Qc6 34. Qe3 Rd7 35. Rd2 Nc8 36. Kg1 Nd6 37. Re2 Qb6 38. Kh2 Ne8 39.
Rd2 Qc6 40. Rf2 f5 41. exf5 gxf5 42. Qe2 Rxd4 43. Qxh5 Rxf4 44. Qg6+ Ng7 45. Rcc2 Rxh4+ 0-1

[Event "*** SCC Grand Prix: Titled Tuesday Blitz"]
[Site "Chess.com"]
[Date "2020.06.09"]
[Round "5"]
[White "Orest_Vovk"]
[Black "Pavel_Mir"]
[Result "1-0"]
[WhiteElo "2456"]
[BlackElo "2300"]
[TimeControl "180+1"]
[EndTime "9:56:42 PDT"]
[Termination "Orest_Vovk won by resignation"]

1. h4 e5 2. h5 d5 3. h6 Nxh6 4. d4 e4 5. Bxh6 gxh6 6. e3 Nc6 7. c4 Nb4 8. Qb3 c6 9. a3 Qa5 10. Nc3 Nd3+ 11. Bxd3 exd3 12. cxd5 Rg8 13. g3 c5 14.
Qb5+ Qxb5 15. Nxb5 Kd8 16. dxc5 Bxc5 17. Rxh6 a6 18. Nd6 Bxd6 19. Rxd6+ Bd7 20. Nf3 Ke7 21. Rh6 Rac8 22. Nd4 Rg6 23. Rxh7 Rb6 24. b4 a5 25. Rb1 axb4 26. axb4 Ra6 27. Kd2 Ra3 28. Rb3 Rxb3 29. Nxb3 Rc2+ 30. Kxd3 Bf5+ 31. e4 Bxh7 32. Kxc2 Bxe4+ 33. Kc3 Bxd5 34. Nc5 b6 35. Nd3 Kd6 36. Kd4 Bf3 37. Ne5 Bd5 38. Nc4+ Kc6 39. b5+ Kxb5 40. Kxd5 Ka4 41. Nxb6+ Ka5 42. Ke5 Kxb6 43. Kf6 Kc7 44.
Kxf7 1-0

[Event "*** SCC Grand Prix: Titled Tuesday Blitz"]
[Site "Chess.com"]
[Date "2020.06.09"]
[Round "5"]
[White "profofchess"]
[Black "politeplayer"]
[Result "1-0"]
[WhiteElo "2445"]
[BlackElo "2272"]
[TimeControl "180+1"]
[EndTime "9:56:42 PDT"]
[Termination "profofchess won by checkmate"]

1. e4 c5 2. Nf3 d6 3. c3 Nf6 4.
Bc4 e6 5. Qe2 Be7 6. Bb3 Nc6 7.
O-O O-O 8. d4 cxd4 9. cxd4 d5 10. e5 Ne4 11. Nc3 Nxc3 12. bxc3 Qa5 13. Bd2 b6 14.
Rfe1 Ba6 15. Qe3 Qb5 16. Bc2 Rac8 17. Qf4 Qb2 18. Rac1 Nb4 19. Bxh7+ Kxh7 20. cxb4 Rxc1 21. Rxc1 Bd3 22. h4 Bf5 23. Rc7 Bxb4 24. Bxb4 Qxb4 25. g4 Qb1+ 26. Kh2 Bg6 27. h5 Be4 28. Rxf7 Qf1 29. Ng5+ Kh6 30. Nxe4+ Kh7 31. Ng5+ Kh6 32.
Nxe6+ Kh7 33. Ng5+ Kh6 34. Nh3+ Kh7 35. Rxf8 g5 36.
Qf7+ Kh6 37. Qg6# 1-0

[Event "*** SCC Grand Prix: Titled Tuesday Blitz"]
[Site "Chess.com"]
[Date "2020.06.09"]
[Round "5"]
[White "Panterov"]
[Black "Susal_De_Silva"]
[Result "1-0"]
[WhiteElo "2159"]
[BlackElo "2358"]
[TimeControl "180+1"]
[EndTime "9:56:42 PDT"]
[Termination "Panterov won on time"]

1. e4 e5 2. Nf3 Nc6 3. d4 exd4 4.
Nxd4 Bc5 5. Nf5 g6 6. Ne3 Nf6 7. Nc3 O-O 8. Bd3 d6 9. O-O Ne5 10. Ned5 Nxd5 11. Nxd5 c6 12. Ne3 Qh4 13. Kh1 f5 14. f4 Bxe3 15. Bxe3 Ng4 16. Bg1 fxe4 17.
Bxe4 d5 18. Bf3 Nf6 19. g3 Qh6 20. Bc5 Re8 21. Qd4 Ne4 22. Bxe4 Rxe4 23. Qf6 Bf5 24. Rae1 Rae8 25. Rxe4 Bxe4+ 26. Kg1 Qh3 27. Rf2 Bf3 28. Be7 Be4 29. c3 Qd7 30. Bc5 Bf5 31. Bd4 Re1+ 32. Rf1 Rxf1+ 33. Kxf1 Bh3+ 34. Kg1 1-0

[Event "*** SCC Grand Prix: Titled Tuesday Blitz"]
[Site "Chess.com"]
[Date "2020.06.09"]
[Round "5"]
[White "fischercapa"]
[Black "Gromes7"]
[Result "1-0"]
[WhiteElo "2358"]
[BlackElo "2053"]
[TimeControl "180+1"]
[EndTime "9:56:42 PDT"]
[Termination "fischercapa won on time"]

1. e4 c5 2. Nf3 d6 3. d4 cxd4 4. Nxd4 Nf6 5. Nc3 Nc6 6. Bc4 Qb6 7. Nb3 e6 8. O-O Be7 9. Bd3 O-O 10. a4 Qc7 11. f4 a6 12. Kh1 Bd7 13. g4 Rfd8 14.
g5 Ne8 15. h4 Nb4 16. h5 d5 17.
e5 d4 18. Ne4 Bc6 19. Bd2 Nxd3 20. cxd3 b6 21. Re1 Qb7 22. Kh2 Nc7 23. Qg4 Nd5 24.
Nxd4 Nb4 25. Nxc6 Qxc6 26. Bxb4 Bxb4 27. Qf3 Qc2+ 28. Re2 Qxd3 29. Kg3 Qxf3+ 30. Kxf3 Rd3+ 31. Re3 Rad8 32. Rc1 Rxe3+ 33. Kxe3 h6 34. gxh6 gxh6 35. Rc6 Ba5 36. Nd6 Rd7 37. Kd4 b5 38. Rxa6 Bb4 39. axb5 Bxd6 40. exd6 f6 41. Kc5 e5 42. fxe5 fxe5 43. Kd5 Rg7 44. b6 Rg5 45. b7 e4+ 46. Kxe4 1-0

[Event "*** SCC Grand Prix: Titled Tuesday Blitz"]
[Site "Chess.com"]
[Date "2020.06.09"]
[Round "5"]
[White "pooh2012"]
[Black "aNaartjieZA"]
[Result "1/2-1/2"]
[WhiteElo "2422"]
[BlackElo "2578"]
[TimeControl "180+1"]
[EndTime "9:56:43 PDT"]
[Termination "Game drawn by repetition"]

1. d4 Nf6 2. Nc3 d5 3. Bf4 e6 4.
e3 Bd6 5. Bg3 O-O 6. Nge2 c5 7.
Qd2 Nc6 8. f3 a6 9. Nf4 Re8 10.
O-O-O b5 11. dxc5 Bxc5 12. Nd3 Bf8 13. Ne5 Na5 14. e4 Bb7 15. exd5 Nxd5 16. Nxd5 Bxd5 17. Kb1 Rc8 18. Bd3 Nc4 19. Bxc4 bxc4 20. c3 Qb6 21. Ng4 Be7 22. Be5 f6 23. Bd4 Qb7 24. Rhe1 Red8 25. Qf2 e5 26. Bb6 Rd7 27. Re2 Be4+ 28. Rxe4 Rxd1+ 29. Kc2 Qd5 30. Qe2 Rd3 31. Ne3 Qb5 32. Nxc4 Rxc4 33.
Qxd3 Rxe4 34. Qxb5 axb5 35. fxe4 Kf7 36. Kb3 Ke6 37. a4 bxa4+ 38. Kxa4 f5 39. exf5+ Kxf5 40. Be3 Ke4 41. Bb6 Kd3 42. Kb5 e4 43. c4 Bf6 44.
b4 Bd4 45. Bc7 e3 46. Bg3 e2 47. c5 Be5 48. Bf2 Bd4 49. Bg3 Be5 50. Bf2 Bd4 51. Bg3 1/2-1/2

[Event "*** SCC Grand Prix: Titled Tuesday Blitz"]
[Site "Chess.com"]
[Date "2020.06.09"]
[Round "5"]
[White "moro182"]
[Black "letsgoband"]
[Result "0-1"]
[WhiteElo "2640"]
[BlackElo "2437"]
[TimeControl "180+1"]
[EndTime "9:56:44 PDT"]
[Termination "letsgoband won by checkmate"]

1. d4 Nf6 2. c4 g6 3. g3 Bg7 4.
Bg2 O-O 5. Nc3 d6 6. Nf3 Nbd7 7. O-O c6 8. e4 e5 9. b3 Re8 10. Re1 Qa5 11. Bb2 Nf8 12. d5 cxd5 13. cxd5 Bg4 14. h3 Bxf3 15. Qxf3 Rec8 16. Rac1 a6 17. Qe3 N8d7 18.
Rc2 Rc7 19. Rec1 Rac8 20. a3 b5 21. Qd2 Qb6 22. Na2 Bh6 23. Rxc7 Bxd2 24. Rxc8+ Kg7 25. R1c6 Qa5 26. Rxd6 Be1 27. Nc3 b4 28. Na4 bxa3 29. Bxa3 Qd2 30. Rxf6 Kxf6 31. Rc7 Bxf2+ 32. Kh2 Qe1 33.
h4 Bxg3+ 34. Kh3 Bf4 35. Rc3 Kg7 36. Bb4 Qd1 37. Bf3 Qf1+ 38. Bg2 Qf2 39. Bf3 Qg3# 0-1

[Event "*** SCC Grand Prix: Titled Tuesday Blitz"]
[Site "Chess.com"]
[Date "2020.06.09"]
[Round "5"]
[White "babyking1205"]
[Black "Grieve72"]
[Result "1-0"]
[WhiteElo "2562"]
[BlackElo "2397"]
[TimeControl "180+1"]
[EndTime "9:56:44 PDT"]
[Termination "babyking1205 won by resignation"]

1. e4 c5 2. Nf3 e6 3. d4 cxd4 4. Nxd4 Nc6 5. Nc3 Qc7 6. Be3 a6 7. Bd3 Nf6 8. O-O b5 9. a3 Bb7 10. Kh1 h5 11. f3 h4 12. Qe1 Nh5 13. f4 Nxd4 14. Bxd4 Nxf4 15. Qe3 Nh5 16. e5 h3 17. Ne4 hxg2+ 18. Kxg2 f5 19. exf6 gxf6 20. Rf3 Bh6 21.
Qf2 Nf4+ 22. Kh1 f5 23. Nf6+ Kf7 24. Re1 Qc6 25. Ne4 fxe4 26. Rxf4+ Bxf4 27. Qxf4+ Ke8 28. Bxe4 Qxe4+ 29. Rxe4 Kd8 30. Bxh8 Bxe4+ 31. Qxe4 Kc7 32.
Be5+ d6 33. Qxa8 dxe5 34. Qxa6 1-0

[Event "*** SCC Grand Prix: Titled Tuesday Blitz"]
[Site "Chess.com"]
[Date "2020.06.09"]
[Round "5"]
[White "Vaathi_Coming"]
[Black "DrBergerBerger"]
[Result "1-0"]
[WhiteElo "2827"]
[BlackElo "2429"]
[TimeControl "180+1"]
[EndTime "9:56:44 PDT"]
[Termination "Vaathi_Coming won on time"]

1. e4 e6 2. d4 d5 3. e5 c5 4. c3 Nc6 5. Nf3 Bd7 6. Bd3 Rc8 7. O-O cxd4 8. cxd4 Nb4 9. Nc3 Nxd3 10. Qxd3 Ne7 11.
h4 Qa5 12. h5 h6 13. Bd2 Qa6 14. Qe3 Nf5 15. Qf4 Be7 16. g4 Nh4 17. Qg3 Qd3 18.
Be3 Nxf3+ 19. Qxf3 b5 20. Rad1 Qc2 21. Rd2 Qh7 22.
Qg3 b4 23. Ne2 Bb5 24. f4 Rc2 25. Qe1 Qe4 26. Ng3 Qh7 27. f5 Rxd2 28. Qxd2 Bxf1 29. Kxf1 O-O 30. Qc2 Bh4 31. Kg2 f6 32. Qc6 Bxg3 33.
Qxe6+ Kh8 34. Kxg3 fxe5 35. dxe5 Qg8 36. Qxg8+ Kxg8 37. e6 Rc8 38. Bxa7 Ra8 39. Bd4 Rxa2 40. Kf4 Ra1 41. Ke5 Rd1 42. Kxd5 Kf8 43. Kc4 Rd2 44. b3 Rg2 45. Kxb4 Rxg4 46. Kc5 Rg5 47. b4 Rxf5+ 48. Kc6 Ke7 49. b5 1-0

[Event "*** SCC Grand Prix: Titled Tuesday Blitz"]
[Site "Chess.com"]
[Date "2020.06.09"]
[Round "5"]
[White "GM_LOADING"]
[Black "AGW2016"]
[Result "1-0"]
[WhiteElo "2493"]
[BlackElo "2256"]
[TimeControl "180+1"]
[EndTime "9:56:45 PDT"]
[Termination "GM_LOADING won by checkmate"]

1. e4 c5 2. Nf3 d6 3. d4 cxd4 4. Nxd4 Nf6 5. Nc3 Nc6 6. Bg5 e6 7. Qd3 Bd7 8. O-O-O a6 9. f4 Be7 10. Kb1 Rc8 11. Be2 b5 12. Bf3 Nxd4 13. Qxd4 Bc6 14.
Rhf1 O-O 15. e5 dxe5 16. Qxd8 Rfxd8 17. Rxd8+ Bxd8 18. Bxc6 Rxc6 19. fxe5 h6 20. Rd1 Rc8 21. Bh4 g5 22. Bg3 b4 23. Ne2 Nd5 24. Nd4 Bb6 25.
Nf3 Ne3 26. Rd6 Bc5 27. Rd2 Nf1 28. Rd7 Nxg3 29. hxg3 g4 30. Nd2 Bb6 31. Ne4 Rd8 32. Rxd8+ Kg7 33. Rd6 Bf2 34. Nxf2 h5 35. Rd7 Kg6 36.
Nd3 Kf5 37. Rxf7+ Ke4 38. Rf6 h4 39. gxh4 a5 40. h5 Ke3 41. h6 g3 42. h7 a4 43.
h8=Q b3 44. Qh6+ Kd4 45. Qf4+ Kd5 46. Nb4+ Kc5 47. Rxe6 bxa2+ 48. Kxa2 a3 49. Rc6+ Kb5 50. Qc4+ Ka4 51. Ra6# 1-0